 Dungeon Crawl Stone Soup version 0.30-a0-937-ga0a21ad780 (webtiles) character file.

Game seed: 14511374908025616674

0 Hubris850 the Trooper (level 1, -1/19 HPs)
             Began as a Hill Orc Fighter on Mar 24, 2023.
             Succumbed to a goblin's poison
             ... on level 1 of the Dungeon.
             The game lasted 00:00:17 (67 turns).

Hubris850 the Trooper (Hill Orc Fighter)              Turns: 67, Time: 00:00:18

Health: -1/19      AC:  6    Str: 18    XL:     1   Next: 10%
Magic:  1/1        EV:  9    Int:  8    God:
Gold:   0          SH:  4    Dex: 10    Spells: 0/0 levels left

rFire   . . .      SeeInvis .    a - +0 war axe
rCold   . . .      Faith    .    c - +0 buckler
rNeg    . . .      Spirit   .    b - +0 scale mail
rPois   .          Reflect  .    (no helmet)
rElec   .          Rampage  .    (no cloak)
rCorr   .                        (no gloves)
Will    .....                    (no boots) Stlth
                                 (no amulet)
HPRegen 0.23/turn                (no ring)
MPRegen 0.07/turn                (no ring)

@: lethally poisoned (-1 -> -19)
A: no striking features
a: no special abilities


You were on level 1 of the Dungeon.
You visited 1 branch of the dungeon, and saw 1 of its levels.

Inventory:

Hand Weapons
 a - a +0 war axe (weapon)
Armour
 b - a +0 scale mail (worn)
 c - a +0 buckler (worn)
Potions
 d - a potion of might


   Skills:
 + Level 3.6 Fighting
 + Level 2.7 Axes
 + Level 3.3 Armour
 + Level 3.3 Shields


You couldn't memorise any spells.
You didn't know any spells.
Your spell library was empty.

Dungeon Overview and Level Annotations

Branches:
Dungeon (1/15)

Altars:


Message History

A bat comes into view.
Found a robe.
The bat hits you.
You miss the bat. You block the bat's attack.
You hit the bat but do no damage. The bat closely misses you.
The bat barely misses you. You block the bat's attack.
The bat completely misses you.
You hit the bat.
You kill the bat!
No target in view!
No target in view!
You see here a bat corpse.
A goblin comes into view. It is wielding a +1 dagger of venom.
The goblin shouts!
A giant cockroach comes into view.
Found 16 gold pieces.
You closely miss the goblin.
The goblin hits you with a +1 dagger of venom.
You are poisoned.
The goblin hits you but does no damage.
You are more poisoned.
You barely miss the goblin.
You feel very sick. The goblin barely misses you.
You barely miss the goblin. You closely miss the giant cockroach.
You feel very sick. You block the goblin's attack.
The giant cockroach bites you but does no damage.
The giant cockroach barely misses you. The goblin barely misses you.
You closely miss the goblin. You closely miss the giant cockroach.
You feel sick. The giant cockroach barely misses you.
The goblin hits you with a +1 dagger of venom.
* * * LOW HITPOINT WARNING * * *
You are more poisoned.
You are too injured to fight recklessly!
You are too injured to fight recklessly!
You are too injured to fight recklessly!
You are too injured to fight recklessly!
You barely miss the goblin. You hit the giant cockroach.
You kill the giant cockroach!
You die...

P~.#§#.~PP♣.P♣.~#
P~.###.~♣P.P♣♣P~#.......
~~.....~~~~~~~~~#.......
~~~~.~~~~~~~~~~~#.......
♣♣♣~.~♣♣♣PP♣PP.~#.......
♣♣♣~.~♣P..PPP.♣~#$.....#
~~~~.~~~~~~~~~~~#.....#
####'############g...###
#....# #..@†......
###..# ##[.###.###. ##.#
##...# #.####..#.#
#)#..†.##.# #...#####.#
#..## ... #### ... ....


You could see a goblin.

Vanquished Creatures
  A giant cockroach (D:1)
  A bat (D:1)
2 creatures vanquished.

Notes
Turn   | Place    | Note
-------+----------+-------------------------------------------
     0 | D:1      | Hubris850 the Hill Orc Fighter began the quest for the Orb.
     0 | D:1      | Reached XP level 1. HP: 19/19 MP: 1/1
    67 | D:1      | Succumbed to a goblin's poison

Illustrated notes

Levels and vault maps discovered:
D:1:      lightli_arrival_farm, layout_rooms,
          shapermc_ecumenical_altar_starsandcircs, dk_noncrumbling_3

Action                     || total
---------------------------++-------
  Melee: War axe           ||     8
 Armour: Scale mail        ||     2
  Dodge: Dodged            ||     7
  Block: Buckler           ||     3

Table legend: (Time is in decaauts)
 A = Elapsed time spent in this place.
 B = Non-inter-level travel time spent in this place.
 C = Inter-level travel time spent in this place.
 D = Time resting spent in this place.
 E = Time spent auto-exploring this place.
 F = Levels seen in this place.
 G = Mean time per level.
                   A        B        C        D        E       F      G
               +--------+--------+--------+--------+--------+-----+--------+
         Total |     82 |     82 |      0 |      0 |     64 |   1 |   82.0 |
       Dungeon |     82 |     82 |      0 |      0 |     64 |   1 |   82.0 |
               +--------+--------+--------+--------+--------+-----+--------+

Top non-repeatable levels by time:
     D:1: 82 daAuts
